 Dungeon Crawl Stone Soup version 0.29-a0-251-g80730f7218 (webtiles) character file.

Game seed: 4709445766878057234

20087 siradein the Artisan of Death (level 12, -4/119 HPs)
             Began as a Troll Necromancer on Mar 5, 2022.
             Was a Priest of Kikubaaqudgha.
             Slain by a komodo dragon (15 damage)
             ... on level 2 of the Lair of Beasts on Mar 6, 2022.
             The game lasted 00:40:34 (15048 turns).

siradein the Artisan of Death (Troll Necromancer)  Turns: 15048, Time: 00:40:35

Health: -4/119     AC:  9    Str: 17    XL:     12   Next: 42%
Magic:  4/20       EV: 11    Int: 18    God:    Kikubaaqudgha [***...]
Gold:   830        SH:  5    Dex: 10    Spells: 3/23 levels left

rFire   . . .      SeeInvis .   c - +0 morningstar
rCold   + + +      Faith    .   (no shield)
rNeg    + . .      Spirit   .   R - +0 acid dragon scales
rPois   +          Reflect  +   (helmet restricted)
rElec   +          Harm     .   v - +0 cloak {Will+}
rCorr   +          Rampage  .   (gloves unavailable)
Will    +....                   (boots unavailable)
Stlth   +.........              g - amulet of reflection
HPRegen 1.09/turn               H - ring "Pax Elo" {rElec rC+++ rN+ Str-2 Int+3}
MPRegen 0.17/turn               p - ring of poison resistance

@: no status effects
A: large, unfitting armour, claws 3, regeneration 1, shaggy fur 1, tough skin 1
a: Renounce Religion, Receive Corpses


You were on level 2 of the Lair of Beasts.
You worshipped Kikubaaqudgha.
Kikubaaqudgha was most pleased with you.
You visited 3 branches of the dungeon, and saw 14 of its levels.
You also visited: Ossuary and Gauntlet.

You collected 830 gold pieces.

Inventory:

Hand Weapons
 c - a +0 morningstar (weapon)
 r - the +5 quarterstaff of Mayhem {flame, rC+ Will+}
   (You found it on level 4 of the Dungeon)

   It burns those it strikes, dealing additional fire damage.
   rC:        It protects you from cold.
   Will:      It increases your willpower.
 K - the +9 shortbow of Majestic Valour {venom, rC+ Will+ Dex-4}
   (You found it on level 7 of the Dungeon)

   Any ammunition fired from it poisons the flesh of those it strikes.
   Dex:       It affects your dexterity (-4).
   rC:        It protects you from cold.
   Will:      It increases your willpower.
Missiles
 m - 10 large rocks
 N - 2 throwing nets
Armour
 v - a +0 cloak of willpower (worn)
 R - +0 acid dragon scales (worn)
Jewellery
 a - a ring of wizardry
 g - an amulet of reflection (around neck)
 o - a ring of flight
 p - a ring of poison resistance (right claw)
 E - a ring of ice
 H - the ring "Pax Elo" (left claw) {rElec rC+++ rN+ Str-2 Int+3}
   (You found it on level 7 of the Dungeon)

   [ring of positive energy]

   Str:       It affects your strength (-2).
   Int:       It affects your intelligence (+3).
   rC:        It renders you almost immune to cold.
   rElec:     It insulates you from electricity.
   rN:        It protects you from negative energy.
 O - a ring of wizardry
 P - an amulet of regeneration
Wands
 s - a wand of flame (27)
 J - a wand of iceblast (15)
 Q - a wand of mindburst (4)
 S - a wand of acid (10)
Scrolls
 d - 10 scrolls of teleportation
 e - 5 scrolls of amnesia
 f - 5 scrolls of enchant armour
 j - 2 scrolls of immolation
 k - 2 scrolls of blinking
 u - a scroll of silence
 w - 4 scrolls of fog
 x - 4 scrolls of enchant weapon {unknown}
 y - 4 scrolls of magic mapping
 C - 4 scrolls of noise {unknown}
 F - a scroll of vulnerability {unknown}
 L - a scroll of holy word {unknown}
 M - a scroll of torment {unknown}
Potions
 b - 7 potions of curing
 h - 2 potions of invisibility
 i - 3 potions of attraction
 l - 3 potions of flight
 n - a potion of resistance
 q - a potion of brilliance
 t - 4 potions of lignification
 z - a potion of mutation
 A - 3 potions of heal wounds
 B - a potion of haste
 D - a potion of cancellation {unknown}


   Skills:
 + Level 7.7 Fighting
 + Level 8.5 Maces & Flails
 + Level 8.0 Dodging
 - Level 1.0 Stealth
 + Level 6.2 Spellcasting
 + Level 8.7 Necromancy


You had 3 spell levels left.
You knew the following spells:

 Your Spells              Type           Power      Damage    Failure   Level
a - Pain                  Necr           100%       1d9       1%          1
b - Vampiric Draining     Necr           37%        2d8       1%          3
c - Animate Dead          Necr           18%        N/A       4%          4
d - Sublimation of Blood  Necr           37%        N/A       1%          2
e - Dispel Undead         Necr           37%        3d15      4%          4
f - Death Channel         Necr           18%        N/A       54%         6

Your spell library contained the following spells:

 Spells                   Type           Power      Damage    Failure   Level
 Animate Skeleton         Necr           74%        N/A       1%          1
 Corpse Rot               Necr/Air       42%        N/A       4%          2
 Shock                    Conj/Air       20%        1d4       16%         1
 Conjure Flame            Conj/Fire      5%         6-21      43%         3
 Ignite Poison            Fire/Tmut/Pois 5%         N/A       43%         3
 Swiftness                Air            5%         N/A       43%         3
 Agony                    Necr           37%        N/A       12%         5
 Excruciating Wounds      Necr           18%        N/A       12%         5
 Airstrike                Air            2%         N/A       85%         4
 Petrify                  Tmut/Erth      5%         N/A       85%         4
 Sticky Flame             Conj/Fire      5%         2d3       85%         4
 Irradiate                Conj/Tmut      2%         3d14      99%         5
 Simulacrum               Ice/Necr       10%        N/A       99%         6


Dungeon Overview and Level Annotations

Branches:
Dungeon (11/15)            Temple (1/1) D:5            Lair (2/6) D:11
Ossuary (visited)         Gauntlet (visited)
  Swamp: Lair:2-4    Shoals: Lair:2-4     Snake: Lair:2-4    Spider: Lair:2-4
    Orc: D:9-12

Altars:
Ashenzari
Cheibriados
Dithmenos
Elyvilon
Fedhas
Gozag
Hepliaklqana
Kikubaaqudgha
Makhleb
Nemelex Xobeh
Okawaru
Qazlal
Ru
Sif Muna
Trog
Uskayaw
Vehumet
Wu Jian
Xom
Yredelemnul
Zin
The Shining One

Shops:
D:9 *

Annotations:
D:10 3 runed translucent doors, riojii's ghost, journeyman FoFi
D:11 1 runed translucent door


Innate Abilities, Weirdness & Mutations

You are too large for most types of armour.
You have claws for hands.
Your natural rate of healing is unusually fast.
You are covered in fur. (AC +1)
You have tough skin. (AC +1)


Message History

You block the komodo dragon's attack.
You hit the komodo dragon.
The komodo dragon is heavily wounded.
The komodo dragon bites you!
You hit the komodo dragon. Your claw misses the komodo dragon.
The komodo dragon is heavily wounded.
The komodo dragon bites you but does no damage.
The komodo dragon bites you!!
You are too injured to fight recklessly!
You are too injured to fight recklessly!
You are too injured to fight recklessly!
You are too injured to fight recklessly!
Casting: Vampiric Draining (safe; 1% risk of failure)
Confirm with . or Enter, or press ? or * to list all spells.
Aiming: Vampiric Draining (safe; 1% risk of failure)
Press: ? - help, Shift-Dir - straight line, f/p - komodo dragon
Aim: a komodo dragon (heavily wounded)
You draw life force from the komodo dragon!
You feel life coursing into your body! The komodo dragon bites you!!
Unknown command.
You are too injured to fight recklessly!
You are too injured to fight recklessly!
You closely miss the komodo dragon.
The komodo dragon is almost dead.
The komodo dragon bites you!!
* * * LOW HITPOINT WARNING * * *
You hit the komodo dragon. You claw the komodo dragon.
You kill the komodo dragon!
Kikubaaqudgha accepts your kill.
You barely miss the komodo dragon. The komodo dragon bites you.
* * * LOW HITPOINT WARNING * * *
The komodo dragon bites you.
* * * LOW HITPOINT WARNING * * *
Found a scroll of identify.
The komodo dragon bites you!!
* * * LOW HITPOINT WARNING * * *
The komodo dragon misses you. The komodo dragon bites you!
You die...
Kikubaaqudgha rasps: "You have failed me!
Welcome... death!"

#..
#..###....#
#.! #..#
#.....# . ####
#..# ##....#
.###. #..##
#..### ....
#...# ...# #..
#..####..#
######.###?..#
....
#..........###
#..#
#.....@l#..#
#...####.#..#
## ##.....
.P#### .# ##


You could see a komodo dragon.

Vanquished Creatures
  A hydra (D:11)
  Fannar (Lair:2)
  Erolcha (D:10)
  6 two-headed ogres
  An elephant (D:11)
  Maggie (D:7)
  2 cane toads (Lair:1)
  An ice devil (Gauntlet)
  4 komodo dragons
  3 trolls (D:10)
  2 hornets (D:8)
  A shadow (D:10)
  A vampire (D:10)
  16 yaks
  A wraith (D:11)
  Eustachio (D:4)
  3 wyverns
  2 basilisks
  2 steam dragons
  2 acid dragons (D:11)
  2 water moccasins
  3 ice beasts
  5 orc warriors
  4 black bears
  2 sky beasts
  13 centaurs
  3 ogres
  A boggart (Gauntlet)
  The ghost of sirJeffrey23 the Insei, an amateur DsMo (D:3)
  A kobold brigand (D:8)
  8 bullfrogs
  A necrophage (D:4)
  A gnoll sergeant (D:9)
  3 scorpions
  6 wights
  5 killer bees
  6 howler monkeys
  3 hounds
  Crazy Yiuf (D:4)
  2 jellies (D:5)
  6 orc priests
  A gnoll shaman (D:10)
  3 iguanas
  Natasha (thrice) (D:4)
  2 hell rats (Lair:1)
  7 orc wizards
  13 mummies (Ossuary)
  10 gnolls
  7 adders
  6 river rats (Lair:1)
  3 shadow imps
  5 white imps
  2 worms
  4 dart slugs
  52 orcs
  5 ball pythons
  5 bats
  8 endoplasms
  5 giant cockroaches
  10 goblins
  4 hobgoblins
  7 jackals
  11 kobolds
  5 quokkas
  7 frilled lizards
  5 gnoll skeletons (Ossuary)
  A goblin skeleton (Ossuary)
  A kobold skeleton (Ossuary)
  An orc skeleton (Ossuary)
  4 rats
  11 rat skeletons (Ossuary)
337 creatures vanquished.

Vanquished Creatures (collateral kills)
  A two-headed ogre (D:9)
  4 yaks
  A centaur (D:9)
  A phantom (D:7)
  An electric eel (D:11)
  An orc wizard (D:11)
  A gnoll (D:10)
  3 orcs (D:9)
13 creatures vanquished.

Vanquished Creatures (others)
  A human (D:8)
  A demonic plant (Gauntlet)
  4 fungi
  8 plants
14 creatures vanquished.

Grand Total: 364 creatures vanquished

Notes
Turn   | Place    | Note
-------+----------+-------------------------------------------
     0 | D:1      | siradein the Troll Necromancer began the quest for the Orb.
     0 | D:1      | Reached XP level 1. HP: 16/16 MP: 1/1
    22 | D:1      | Found a faded altar of an unknown god.
    63 | D:1      | Reached XP level 2. HP: 24/24 MP: 0/3
   159 | D:1      | You fall into a shaft and drop 1 floor!
   336 | D:2      | Reached XP level 3. HP: 20/31 MP: 4/4
  1220 | D:2      | Reached XP level 4. HP: 30/39 MP: 5/5
  1556 | D:3      | Learned a level 3 spell: Vampiric Draining
  1556 | D:3      | Found a runed translucent gate.
  1574 | D:3      | Found a shimmering altar of Xom.
  1577 | D:3      | Found a shimmering altar of Xom.
  1578 | D:3      | Found a shimmering altar of Xom.
  1579 | D:3      | Found a shimmering altar of Xom.
  1580 | D:3      | Found a shimmering altar of Xom.
  1637 | D:3      | Reached skill level 1 in Maces & Flails
  1815 | D:3      | Reached skill level 1 in Fighting
  1971 | D:3      | Found a runed translucent gate.
  1971 | D:3      | Found a runed translucent gate.
  1971 | D:3      | Found an opulent altar of Gozag.
  1973 | D:3      | Noticed sirJeffrey23's ghost (amateur DsMo)
  2315 | D:4      | Reached XP level 5. HP: 31/48 MP: 7/7
  2368 | D:4      | Noticed a black bear
  2396 | D:4      | Killed a black bear
  2397 | D:4      | Reached XP level 6. HP: 33/55 MP: 1/8
  2408 | D:4      | Identified the +5 quarterstaff of Mayhem {flame, rC+ Will+}
  2545 | D:4      | Noticed Natasha
  2552 | D:4      | Killed Natasha
  2582 | D:4      | Noticed Natasha
  2591 | D:4      | Killed Natasha
  2617 | D:4      | Noticed Natasha
  2622 | D:4      | Killed Natasha
  2651 | D:4      | Noticed an ice beast
  2659 | D:4      | Killed an ice beast
  2660 | D:4      | Reached XP level 7. HP: 54/65 MP: 9/9
  2685 | D:4      | Noticed Eustachio
  2709 | D:4      | Killed Eustachio
  2715 | D:4      | Learned a level 4 spell: Animate Dead
  2759 | D:4      | Found a runed translucent door.
  2760 | D:4      | Noticed Crazy Yiuf
  3138 | D:4      | Killed Crazy Yiuf
  3234 | D:5      | Entered Level 5 of the Dungeon
  3373 | D:5      | Reached skill level 5 in Necromancy
  3373 | D:5      | Reached XP level 8. HP: 75/75 MP: 11/11
  3397 | D:5      | Found a staircase to the Ecumenical Temple.
  3406 | Temple   | Entered the Ecumenical Temple
  3540 | D:5      | Found a sand-covered staircase.
  3545 | Ossuary  | Entered an ossuary
  4780 | D:6      | Found an iron altar of Okawaru.
  4862 | D:6      | Noticed a two-headed ogre
  4982 | D:5      | Reached XP level 9. HP: 74/84 MP: 13/13
  5638 | D:7      | Identified the ring "Pax Elo" {rElec rC+++ rN+ Str-2 Int+3}
  5728 | D:7      | Noticed Maggie
  5740 | D:7      | Killed Maggie
  5741 | D:7      | Reached skill level 5 in Maces & Flails
  5741 | D:7      | Reached skill level 5 in Dodging
  6242 | D:7      | Identified the +9 shortbow of Majestic Valour {venom, rC+
                  | Will+ Dex-4}
  6637 | D:8      | Reached skill level 5 in Fighting
  6890 | D:8      | Found an ornate altar of the Wu Jian Council.
  6912 | D:8      | Found a hazy altar of Hepliaklqana.
  6912 | D:8      | Found a snail-covered altar of Cheibriados.
  6996 | D:8      | Reached XP level 10. HP: 46/96 MP: 15/15
  7231 | D:8      | Noticed a two-headed ogre
  7253 | D:8      | Found an ancient bone altar of Kikubaaqudgha.
  7341 | D:8      | Killed a two-headed ogre
  7361 | D:8      | Became a worshipper of Kikubaaqudgha
  7738 | D:8      | Noticed a two-headed ogre
  7783 | D:8      | Killed a two-headed ogre
  8330 | D:9      | Found a sacrificial altar of Ru.
  8713 | D:9      | Reached * piety under Kikubaaqudgha
  8713 | D:9      | Received a gift from Kikubaaqudgha
  8718 | D:9      | Noticed a two-headed ogre
  8729 | D:9      | Killed a two-headed ogre
  8730 | D:9      | Reached skill level 5 in Spellcasting
  8854 | D:9      | Noticed a two-headed ogre
  8865 | D:9      | Killed a two-headed ogre
  9125 | D:9      | Reached XP level 11. HP: 91/105 MP: 17/17
  9268 | D:9      | Found Yseoz's Overcharged Wands.
  9350 | D:10     | Entered Level 10 of the Dungeon
  9451 | D:10     | Noticed Erolcha
  9478 | D:10     | Killed Erolcha
  9640 | D:10     | Noticed a two-headed ogre
  9647 | D:10     | Killed a two-headed ogre
  9991 | D:10     | Found a runed translucent gate.
  9991 | D:10     | Found a runed translucent gate.
  9991 | D:10     | Noticed riojii's ghost (journeyman FoFi)
  9992 | D:10     | Found a runed translucent gate.
 11195 | D:6      | Killed a two-headed ogre
 11346 | D:3      | Killed sirJeffrey23's ghost
 11346 | D:3      | Reached ** piety under Kikubaaqudgha
 11392 | D:3      | Learned a level 2 spell: Sublimation of Blood
 11541 | D:11     | Noticed a two-headed ogre
 11558 | D:11     | Killed a two-headed ogre
 11812 | D:11     | Found a runed translucent door.
 11812 | D:11     | Noticed a four-headed hydra
 11812 | D:11     | Noticed a two-headed ogre
 11837 | D:11     | Killed a four-headed hydra
 12350 | D:11     | Found a staircase to the Lair.
 12864 | D:11     | Noticed a deep troll earth mage
 12864 | D:11     | Noticed a boulder beetle
 12866 | D:11     | Noticed a deep elf zephyrmancer
 12904 | Lair:1   | Entered Level 1 of the Lair of Beasts
 12920 | Lair:1   | Reached XP level 12. HP: 106/118 MP: 19/19
 13088 | Lair:1   | Found a gate leading to a gauntlet.
 13111 | Lair:1   | Reached *** piety under Kikubaaqudgha
 13111 | Lair:1   | Received a gift from Kikubaaqudgha
 13127 | Gauntlet | Entered a Gauntlet
 13127 | Gauntlet | Found a transporter.
 13222 | Gauntlet | Found a runed translucent gate.
 13222 | Gauntlet | Found a runed translucent gate.
 13222 | Gauntlet | Found a runed translucent gate.
 13224 | Gauntlet | Found a transporter.
 13227 | Gauntlet | Found a transporter.
 13228 | Gauntlet | Found a transporter.
 13236 | Gauntlet | Found a transporter.
 13239 | Gauntlet | Found a transporter.
 13240 | Gauntlet | Found a transporter.
 13249 | Gauntlet | Found a transporter.
 13252 | Gauntlet | Found a transporter.
 13253 | Gauntlet | Found a transporter.
 13257 | Gauntlet | Noticed a quicksilver ooze
 13261 | Gauntlet | Found a transporter.
 13264 | Gauntlet | Found a transporter.
 13265 | Gauntlet | Found a transporter.
 13273 | Gauntlet | Found a transporter.
 13273 | Gauntlet | Noticed a great orb of eyes
 13526 | Gauntlet | Noticed a catoblepas
 13671 | Gauntlet | Noticed a minotaur
 13679 | Gauntlet | HP: 5/118 [minotaur/staff of poison (9)]
 14083 | Lair:1   | Learned a level 4 spell: Dispel Undead
 14090 | Lair:1   | Learned a level 6 spell: Death Channel
 14728 | Lair:2   | Upgraded the game from 0.29-a0-243-g602b31c20e to
                  | 0.29-a0-251-g80730f7218
 14931 | Lair:2   | Noticed Fannar
 14975 | Lair:2   | Killed Fannar
 15048 | Lair:2   | Slain by a komodo dragon

Illustrated notes

Levels and vault maps discovered:
D:1:      evilmike_arrival_home_sweet_home, layout_rooms,
          basic_ecumenical_altar, minmay_stone_trees_small
D:2:      layout_basic
D:3:      layout_loops_ring, xom_redecorated, ebering_ghost_gozag
D:4:      kb_forest_paths, layout_basic, uniq_natasha, uniq_eustachio,
          uniq_crazy_yiuf_cottage
D:5:      layout_loops_cross, minmay_temple_entry_glass, enter_ossuary_5,
          cheibrodos_sewer_entry_bend, grunt_decor_one_mirror
D:6:      layout_rooms, overflow_temple_1_default
D:7:      layout_layer_cave, uniq_maggie
D:8:      layout_layer_cave, tgw_kikubaaqudgha, nzn_wu_jian_contemplation,
          gammafunk_temple_overflow_statue, serial_co_window_serial,
          co_window_corner_a, co_window_of_opportunity_a, co_window_cross_1,
          co_window_cross_1, co_window_corner_a, co_window_paths_a,
          co_window_corner_a, co_window_corner_a, co_window_corner_a,
          co_window_corner_b, co_window_broadway_b, co_window_broadway_a,
          co_window_paths_d, glass_columns_a, glass_columns_c, glass_columns_b,
          glass_columns_a, glass_columns_b, grunt_ministairs_4
D:9:      layout_roguey [special_room_orc], nicolae_ru_awakened_eye,
          grunt_decor_arrowhead, nicolae_shop_overcharged_wands
D:10:     nicolae_cairo_tiling_large, layout_irregular_city,
          gammafunk_ghost_nasty_kobolds, minivault_25_ag, grunt_ministairs_4,
          uniq_erolcha
D:11:     layout_basic, david_lair_generic, minivault_13
Temple:   regret_index_temple_waves
Lair:1:   layout_concentric_octagons, gauntlet_entry_generic, enter_volcano_1,
          kennysheep_rathole, lemuel_fruit_tree, serial_bayou_shore_b
Lair:2:   beast_lair_carwin_large_3, layout_loops_ring, serial_bayou_shore_b,
          serial_bayou_shore_a, uniq_fannar

Skill      XL: |  1  2  3  4  5  6  7  8  9 10 11 12 |
---------------+-------------------------------------+-----
Spellcasting   | 2 3 4 5 6 |  6.2
Maces & Flails | 1 2 3 4 5 6 8 |  8.5
Dodging        | 2 3 4 5 6 7 8 |  8.0
Necromancy     | 4 5 6 7 8 |  8.7
Fighting       | 1 2 3 4 5 6 7 |  7.7
Stealth        | |  1.0

Action                   |  1- 3 |  4- 6 |  7- 9 | 10-12 || total
-------------------------+-------+-------+-------+-------++-------
Melee: Unarmed           |    61 |       |       |       ||    61
       Whip              |    58 |    47 |       |       ||   105
       Club              |    44 |       |       |       ||    44
       Punch             |     1 |     2 |       |     2 ||     5
       Flail             |       |   156 |       |       ||   156
       Quarterstaff      |       |    24 |   350 |   549 ||   923
       Giant spiked club |       |       |       |    34 ||    34
       Morningstar       |       |       |       |    78 ||    78
 Fire: Shortbow          |       |       |       |     9 ||     9
 Cast: Pain              |     3 |     1 |       |       ||     4
       Vampiric Draining |       |     2 |     9 |    73 ||    84
       Animate Dead      |       |       |     2 |    22 ||    24
  Use: Scroll            |       |       |    15 |     4 ||    19
       Potion            |       |       |       |     3 ||     3
 Stab: Sleeping          |     1 |     1 |     3 |       ||     5
Armor: Robe              |    73 |    82 |    61 |    16 ||   232
       Steam dragon scal |       |       |    23 |   102 ||   125
       Acid dragon scale |       |       |       |   113 ||   113
       Troll leather arm |       |       |       |    26 ||    26
Dodge: Dodged            |   102 |   133 |   162 |   459 ||   856
Block: Other             |     9 |    80 |    84 |   175 ||   348
       Reflection        |       |     2 |     2 |     5 ||     9

Table legend: (Time is in decaauts)
 A = Elapsed time spent in this place.
 B = Non-inter-level travel time spent in this place.
 C = Inter-level travel time spent in this place.
 D = Time resting spent in this place.
 E = Time spent auto-exploring this place.
 F = Levels seen in this place.
 G = Mean time per level.
                   A        B        C        D        E       F      G
               +--------+--------+--------+--------+--------+-----+--------+
         Total |  15293 |  14739 |    554 |    332 |   9868 |  16 |  955.8 |
       Dungeon |  12630 |  12129 |    501 |    256 |   8229 |  11 | 1148.2 |
        Temple |     92 |     92 |      0 |      0 |     63 |   1 |   92.0 |
          Lair |   1565 |   1513 |     52 |      3 |   1125 |   2 |  782.5 |
       Ossuary |    407 |    407 |      0 |      0 |    234 |   1 |  407.0 |
      Gauntlet |    596 |    596 |      0 |     73 |    216 |   1 |  596.0 |
               +--------+--------+--------+--------+--------+-----+--------+

Top non-repeatable levels by time:
    D:10: 1787 daAuts
     D:8: 1750 daAuts
    D:11: 1351 daAuts
  Lair:1: 1239 daAuts
     D:7: 1173 daAuts
     D:4: 1124 daAuts
     D:9: 1105 daAuts
     D:5: 1062 daAuts
     D:6: 899 daAuts
     D:2: 880 daAuts
     D:3: 843 daAuts
     D:1: 652 daAuts
Gauntlet: 596 daAuts
 Ossuary: 407 daAuts
  Lair:2: 326 daAuts
